 Dungeon Sprint DCSS version 0.17-a0-2014-g32cd421 (webtiles) character file.

2650 Kidiri the Covert (level 9, -3/38 (39) HPs)
             Began as a Spriggan Enchanter on Oct 9, 2015.
             Was a Believer of Dithmenos.
             Killed from afar by a death drake (19 damage)
             ... with a foul vapour
             ... in the Dungeon (Sprint II: "The Violet Keep of Menkaure").
             The game lasted 00:08:40 (666 turns).

Kidiri the Covert (Spriggan Enchanter)               Turns: 666, Time: 00:08:43

HP:   -3/38 (39)    AC:  3    Str:  4    XL:     9   Next: 36%
MP:   23/24         EV: 29    Int: 18    God:    Dithmenos [**....]
Gold: 423           SH:  0    Dex: 18    Spells: 7 memorised, 8 levels left

rFire  . . .     SeeInvis +     a - +1 dagger
rCold  . . .     Clarity  .     b - +1 robe
rNeg   . . .     SustAt   .     (shield restricted)
rPois  .         Gourm    .     (helmet restricted)
rElec  .         Spirit   .     (no cloak)
rCorr  .         Warding  .     (gloves unavailable)
rMut   .         NoTele   +     (boots unavailable)
MR     +....                    (no amulet)
Stlth  ++++++++..               (no ring)
                                (no ring)

@: lethally poisoned (-3 -> -62), slowed, wreathed by umbra, quick, somewhat
resistant to hostile enchantments, extraordinarily stealthy
A: unfitting armour, see invisible, herbivore 3, speed 3, slow metabolism 2
a: Shadow Step, Renounce Religion


You were in the Dungeon.
You worshipped Dithmenos.
Dithmenos was pleased with you.
You were not hungry.

You visited 1 branch You collected 1053 gold pieces.
You spent 630 gold pieces at shops.

Inventory:

Hand Weapons
 a - a +1 dagger (weapon)
Armour
 b - a +1 robe (worn)
Scrolls
 j - a scroll of blinking
Potions
 e - a potion of curing
 f - a potion of heal wounds
 g - a potion of haste
 h - a potion of magic
Books
 c - a book of Maledictions

   Spells                             Type                      Level
   a - Corona                         Hexes                        1
   b - Ensorcelled Hibernation        Hexes/Ice                    2
   c - Confuse                        Hexes                        3
   d - Tukima's Dance                 Hexes                        3
   e - Dazzling Spray                 Conjuration/Hexes            3
 i - a book of Clouds

   Spells                             Type                      Level
   a - Mephitic Cloud                 Conjuration/Poison/Air       3
   b - Conjure Flame                  Conjuration/Fire             3
   c - Poisonous Cloud                Conjuration/Poison/Air       6
   d - Freezing Cloud                 Conjuration/Ice/Air          6
   e - Ring of Flames                 Charms/Fire                  7
Comestibles
 d - a bread ration


   Skills:
 * Level 9.7 Short Blades
 + Level 4.6 Armour
 * Level 12.4 Dodging
 * Level 13.7 Stealth
 * Level 10.8 Spellcasting
 + Level 4.1 Conjurations
 + Level 8.4 Hexes
 + Level 4.4 Ice Magic
 + Level 2.5 Air Magic
 + Level 2.8 Poison Magic
 + Level 2.5 Invocations


You had 8 spell levels left.
You knew the following spells:

 Your Spells              Type           Power        Failure   Level  Hunger
a - Corona                Hex            #####..      1%          1    None
b - Ensorcelled Hibernat  Hex/Ice        ####..       1%          2    None
c - Confuse               Hex            #####...     1%          3    None
d - Tukima's Dance        Hex            #####...     1%          3    None
e - Dazzling Spray        Conj/Hex       ####....     1%          3    None
f - Mephitic Cloud        Conj/Pois/Air  ###.....     10%         3    None
g - Freezing Cloud        Conj/Ice/Air   ###.......   100%        6    ######.


Dungeon Overview and Level Annotations

Branches:
Dungeon (1/1)

Altars:
Cheibriados
Dithmenos
Elyvilon
Fedhas
Gozag
Kikubaaqudgha
Makhleb
Nemelex Xobeh
Okawaru
Qazlal
Ru
Sif Muna
Trog
Vehumet
Xom
Yredelemnul
Zin
The Shining One
Beogh
Jiyva
Lugonu

Shops:
D *=:!!=?[%*[}(:[[

Annotations:
D exclusion: oklob plant


Innate Abilities, Weirdness & Mutations

You are tiny and cannot use many weapons and most armour.
You have supernaturally acute eyesight.
You are a herbivore.
You cover ground extremely quickly.
You need consume almost no food.


Message History

You are poisoned.
You feel sick.
You are engulfed in dark miasma.
You are lethally poisoned!
You feel your flesh rotting away!
You feel yourself slow down.
You feel sick.
The swamp drake is engulfed in dark miasma.
You feel sick.
Casting: Confuse
Confirm with . or Enter, or press ? or * to list all spells.
Aiming: Ensorcelled Hibernation
Press: ? - help, Shift-Dir - straight line, f - death drake
Aim: a death drake (catching its breath, umbra, chance to defeat MR: 43%)
The death drake resists with some effort.
You feel very sick. The death drake breathes miasma at you.
The foul vapour engulfs you!
You are more poisoned.
Ouch! That really hurt!
You die...

;;§; ... ++#+++## ... ##
.......# .. .# ##+##..# #.
.# #...##.#### +.##k#
..#).#....# #.^.####
#...####..## ##.k##.#
##'###.##..# +.§#..# )(
##.##..##..# #.@#..# $?!
'%<.'##.+..####..##.#▓![!
##.##..##....###)..##▓▓▓▓
##'###.##......≈≈≈≈≈≈≈≈≈≈≈
#%..####≈≈§....≈#%########
.##..#{≈≈≈≈≈≈..≈#..._._._#
#.####≈≈§≈≈≈≈≈.≈#.._._._.#
##+##≈≈≈≈≈§≈≈≈≈≈#._._._._#
≈≈≈≈≈≈≈≈§≈≈≈≈§≈≈#_._._._.#


You could see a death drake and a swamp drake.

Vanquished Creatures
  A death drake (D)
  A siren (D)
  A yaktaur (D)
  3 polar bears (D)
  A vampire mosquito (D)
  Menkaure (D)
  2 hippogriffs (D)
  A swamp drake (D)
  A wasp (D)
  4 brain worms (D)
  4 worker ants (D)
20 creatures vanquished.

Notes
Turn   | Place    | Note
--------------------------------------------------------------
     0 | D        | Kidiri the Spriggan Enchanter began the quest for the Orb.
     0 | D        | Reached XP level 1. HP: 9/9 MP: 5/5
     1 | D        | Noticed a hippogriff
     1 | D        | Noticed a hippogriff
     5 | D        | Noticed a worker ant
     5 | D        | Noticed a worker ant
     5 | D        | Noticed a worker ant
     5 | D        | Noticed a worker ant
     9 | D        | Killed a worker ant
     9 | D        | Reached skill level 1 in Armour
     9 | D        | Reached skill level 5 in Stealth
     9 | D        | Reached XP level 2. HP: 13/13 MP: 5/7
    12 | D        | Killed a worker ant
    12 | D        | Reached skill level 5 in Dodging
    12 | D        | Reached skill level 6 in Stealth
    12 | D        | Reached XP level 3. HP: 15/16 MP: 5/9
    16 | D        | Killed a worker ant
    16 | D        | Reached skill level 7 in Stealth
    16 | D        | Reached XP level 4. HP: 18/21 MP: 5/11
    18 | D        | Killed a worker ant
    18 | D        | Reached skill level 5 in Spellcasting
    18 | D        | Reached skill level 5 in Hexes
   207 | D        | Learned a level 2 spell: Ensorcelled Hibernation
   211 | D        | Learned a level 3 spell: Confuse
   215 | D        | Learned a level 3 spell: Tukima's Dance
   219 | D        | Learned a level 3 spell: Dazzling Spray
   221 | D        | Noticed a brain worm
   221 | D        | Noticed a brain worm
   221 | D        | Noticed a brain worm
   221 | D        | Noticed a brain worm
   223 | D        | Killed a brain worm
   223 | D        | Reached skill level 5 in Short Blades
   223 | D        | Reached skill level 8 in Stealth
   223 | D        | Reached skill level 1 in Conjurations
   223 | D        | Reached skill level 1 in Ice Magic
   223 | D        | Reached XP level 5. HP: 24/24 MP: 14/14
   225 | D        | Killed a brain worm
   225 | D        | Reached skill level 9 in Stealth
   235 | D        | Killed a brain worm
   235 | D        | Reached XP level 6. HP: 28/28 MP: 16/16
   237 | D        | Killed a brain worm
   237 | D        | Reached skill level 10 in Stealth
   254 | D        | Noticed a siren
   257 | D        | Killed a siren
   257 | D        | Reached skill level 10 in Dodging
   257 | D        | Reached skill level 11 in Stealth
   257 | D        | Reached XP level 7. HP: 32/32 MP: 18/20
   280 | D        | Killed a hippogriff
   286 | D        | Killed a hippogriff
   345 | D        | Noticed an electric eel
   345 | D        | Noticed an electric eel
   345 | D        | Noticed an electric eel
   345 | D        | Noticed an electric eel
   345 | D        | Noticed an electric eel
   345 | D        | Noticed an electric eel
   346 | D        | Noticed an electric eel
   347 | D        | Noticed Menkaure
   348 | D        | Noticed an electric eel
   348 | D        | Noticed an electric eel
   349 | D        | Found Canobism's Antique Armour Boutique.
   350 | D        | Killed Menkaure
   350 | D        | Reached skill level 12 in Stealth
   350 | D        | Reached XP level 8. HP: 36/36 MP: 22/22
   387 | D        | Noticed an ice statue
   395 | D        | Found Fukel Tux's Antique Armour Shop.
   396 | D        | Found Zizub's Book Boutique.
   397 | D        | Found Koazew's Gadget Shop.
   397 | D        | Found Icsahoisch's Antique Weapon Shop.
   398 | D        | Found Fythicij's General Store.
   398 | D        | Found Huhiatuf's Armour Boutique.
   399 | D        | Noticed a vampire mosquito
   403 | D        | Found Cagox's Antique Armour Shop.
   407 | D        | Killed a vampire mosquito
   415 | D        | Found Hakh's Food Shop.
   416 | D        | Found Ribracea's Magic Scroll Shop.
   416 | D        | Found Ekhlory's Jewellery Boutique.
   417 | D        | Noticed a death yak
   420 | D        | Found Suffy's Distillery.
   420 | D        | Found Ceemy's Distillery.
   420 | D        | Noticed an oklob plant
   421 | D        | Found Legegy Peepp's Jewellery Shop.
   421 | D        | Found Evumelos's Assorted Antiques.
   421 | D        | Found Ebaewnov's Book Shoppe.
   422 | D        | Noticed a great orb of eyes
   436 | D        | Noticed a griffon
   441 | D        | Noticed a griffon
   442 | D        | Noticed a griffon
   452 | D        | Bought a book of Clouds for 630 gold pieces
   456 | D        | Learned a level 3 spell: Mephitic Cloud
   463 | D        | Learned a level 6 spell: Freezing Cloud
   486 | D        | Found a shadowy altar of Dithmenos.
   487 | D        | Found a snail-covered altar of Cheibriados.
   487 | D        | Found a bloodstained altar of Trog.
   488 | D        | Found a roughly hewn altar of Beogh.
   488 | D        | Found a deep blue altar of Sif Muna.
   489 | D        | Found a viscous altar of Jiyva.
   489 | D        | Found a stormy altar of Qazlal.
   490 | D        | Found a sacrificial altar of Ru.
   490 | D        | Found a sparkling altar of Nemelex Xobeh.
   490 | D        | Found a burning altar of Makhleb.
   491 | D        | Found an ancient bone altar of Kikubaaqudgha.
   491 | D        | Found an iron altar of Okawaru.
   491 | D        | Found an opulent altar of Gozag.
   492 | D        | Found a basalt altar of Yredelemnul.
   492 | D        | Found a shimmering altar of Xom.
   492 | D        | Found a white marble altar of Elyvilon.
   493 | D        | Found a blossoming altar of Fedhas.
   493 | D        | Found a glowing silver altar of Zin.
   517 | D        | Found a radiant altar of Vehumet.
   517 | D        | Found a corrupted altar of Lugonu.
   517 | D        | Noticed a polar bear
   524 | D        | Found a glowing golden altar of the Shining One.
   524 | D        | Noticed a wasp
   525 | D        | Noticed a yaktaur
   529 | D        | Noticed a polar bear
   529 | D        | Noticed a polar bear
   531 | D        | Killed a polar bear
   531 | D        | Reached skill level 1 in Poison Magic
   535 | D        | Became a worshipper of Dithmenos the Shadowed
   564 | D        | Killed a wasp
   564 | D        | Reached skill level 1 in Air Magic
   575 | D        | Killed a yaktaur
   575 | D        | Reached skill level 10 in Spellcasting
   575 | D        | Reached skill level 1 in Invocations
   577 | D        | Killed a polar bear
   577 | D        | Reached skill level 13 in Stealth
   586 | D        | Killed a polar bear
   586 | D        | Reached XP level 9. HP: 24/39 MP: 4/24
   639 | D        | Noticed a death drake
   639 | D        | Noticed a swamp drake
   643 | D        | Noticed a swamp drake
   644 | D        | Noticed a crystal guardian
   655 | D        | Killed a death drake
   659 | D        | Noticed a death drake
   661 | D        | Killed a swamp drake
   661 | D        | Acquired Dithmenos's first power
   666 | D        | Killed from afar by a death drake

Vault maps used:
D:        the_violet_keep_of_menkaure

Action                   |  1- 3 |  4- 6 |  7- 9 || total
-------------------------+-------+-------+-------++-------
Melee: Dagger            |    10 |     7 |    46 ||    63
 Cast: Ensorcelled Hiber |       |       |    10 ||    10
       Confuse           |       |       |     9 ||     9
       Dazzling Spray    |       |       |     2 ||     2
  Use: Potion            |     1 |       |     1 ||     2
 Stab: Sleeping          |       |     5 |     2 ||     7
       Confused          |       |       |     9 ||     9
       Invisible         |       |       |     1 ||     1
